 Dungeon Crawl Stone Soup version 0.31-a0-632-g766dd24fdf (webtiles) character file.

Game seed: 3314268806726323747

21 ytrimaz the Ruffian (level 2, 0/27 HPs)
             Began as an Octopode Shapeshifter on Aug 25, 2023.
             Slain by Sigmund
             ... wielding a +0 scythe
              (6 damage)
             ... on level 2 of the Dungeon.
             The game lasted 00:00:59 (707 turns).

ytrimaz the Ruffian (Octopode Shapeshifter)          Turns: 707, Time: 00:00:59

Health: 0/27       AC: 21    Str: 14    XL:     2   Next: 87%
Magic:  2/2        EV:  2    Int: 10    God:
Gold:   34         SH:  0    Dex: 12    Spells: 1/1 levels left

rFire   . .          .
                       - Unarmed
rCold   . . .        (no shield)
rNeg    . . .        (helmet currently unavailable)
rPois   +            (no amulet)
rElec   .            (no ring)
rCorr   .            (no ring)
SInv    .            (no ring)
Will    .....        (no ring)
Stlth   +            (no ring)
HPRegen 0.24/turn    (no ring)
MPRegen 0.08/turn    (no ring)
                     (no ring)

%: no passive effects
@: tree-form
A: stationary, stasis, torment immunity, boosted hp, almost no armour,
(amphibious), 8 rings, (camouflage 1), (gelatinous body 1), (nimble swimmer 1),
(tentacles)
a: no special abilities


You were on level 2 of the Dungeon.
You were a tree.
You visited 1 branch of the dungeon, and saw 2 of its levels.

You collected 34 gold pieces.


Innate Abilities, Weirdness & Mutations

You are a tree.
Your roots penetrate the ground, keeping you stationary.
You cannot be teleported.
You are immune to unholy pain and torment.
Your maximum health is greatly increased.
You cannot wear most types of armour.
((You are amphibious.))
You can wear up to eight rings at the same time.
((Your skin changes colour to match your surroundings (Stealth+).))
((Your rubbery body absorbs attacks. (AC +1, EV +1)))
((You are camouflaged when in or above water. (Stealth+)))
((You have tentacles for arms and can constrict up to eight enemies at once.))


   Skills:
 - Level 1.1 Fighting
 - Level 2.0 Dodging
 + Level 3.5 Unarmed Combat
 - Level 3.3 Shapeshifting


You had one spell level left.
You didn't know any spells.
Your spell library was empty.

Inventory:

Talismans
 b - a beast talisman
 c - a flux talisman
Scrolls
 d - a scroll of blinking {unknown}
 f - a scroll of identify {unknown}
 h - a scroll of vulnerability {unknown}
Potions
 e - a potion of resistance {unknown}
 g - a potion of invisibility {unknown}
 i - a potion of curing {unknown}

Dungeon Overview and Level Annotations

Branches:
Dungeon (2/15) Zot: 11295

Altars:

Annotations:
D:2 Sigmund

.......#.†...#######
.......>.....[......
######.##..#.#######
#.#...#.####
#.#...#....#
#...######.# ###.
#.###### #. #.g....#
#.♣@...# #.gJ...#
#......# #......#
#......# ##w....#
#.....# #.....#


You could see Sigmund, a worm, an endoplasm, a hobgoblin and a goblin.


Message History

You tentacle-slap the rat.
You kill the rat!
No target in view!
No target in view!
There is a stone staircase leading down here.
You climb downwards.
Found a chain mail.
Found a stone staircase leading down.
There is a stone staircase leading up here.
Unknown command.
A bat is nearby!
A bat is nearby!
The bat closely misses you.
A bat is nearby!
You tentacle-slap the bat. You grab the bat. Your squeeze misses the bat.
You constrict the bat.
You kill the bat!
No target in view!
No target in view!
You see here a bat corpse.
An endoplasm and a rat come into view.
There is a stone staircase leading down here.
There are monsters nearby!
There are monsters nearby!
There are monsters nearby!
The rat barely misses you.
You closely miss the rat. You grab the rat. You constrict the rat.
You kill the rat!
The helpless endoplasm fails to defend itself.
You bludgeon the endoplasm!
You kill the endoplasm!
No target in view!
i - a grey potion You now have 34 gold pieces (gained 13).
You see here a rat corpse.
As you open the door, it creaks loudly!
There is an open door here.
Sigmund and a hobgoblin come into view.
An endoplasm comes into view.
Unknown command.
The hobgoblin shouts!
A goblin comes into view. It is wielding a +0 dagger.
Unknown command.
Sigmund shouts!
The goblin shouts!
Sigmund barely misses you. The hobgoblin misses you.
Your transformation has ended.
You turn into a tree.
Your roots penetrate the ground.
The endoplasm freezes you.
You are frozen.
The hobgoblin hits you but does no damage.
Sigmund hits you with a +0 scythe. 😕 HP[+7]
You now have 27 max hp (+9).
You regained 7 hp, and now have 25/27 hp.
Unknown command.
You smack Sigmund!
The endoplasm freezes you.
You are frozen.
The hobgoblin hits you. 😮 HP[-5]
You take 5 damage, and now have 20/27 hp.
Unknown command.
You hit Sigmund.
Sigmund laughs darkly.
Sigmund hits you but does no damage.
The hobgoblin hits you but does no damage.
The endoplasm hits you but does no damage.
A worm comes into view.
You barely miss Sigmund.
The endoplasm hits you but does no damage.
The goblin hits you but does no damage. The hobgoblin hits you.
Sigmund hits you but does no damage. 😮 HP[-1]
You take 1 damage, and now have 19/27 hp.
Unknown command.
You smack Sigmund!
The endoplasm hits you but does no damage.
The goblin hits you but does no damage.
The hobgoblin hits you but does no damage.
You hit Sigmund. The goblin hits you but does no damage.
The endoplasm hits you but does no damage.
Sigmund hits you with a +0 scythe.
The hobgoblin hits you but does no damage. 😮 HP[-3]
You take 3 damage, and now have 16/27 hp.
Unknown command.
You hit Sigmund. The goblin hits you but does no damage.
The hobgoblin hits you but does no damage.
The endoplasm hits you but does no damage.
You closely miss Sigmund. Your punch misses Sigmund.
Sigmund gestures at you while chanting. The puff of flame hits you!
* * * LOW HITPOINT WARNING * * *
The hobgoblin hits you but does no damage.
The endoplasm hits you but does no damage.
The goblin hits you but does no damage. 😱 HP[-10]
You take 10 damage, and now have 6/27 hp.
MASSIVE DAMAGE!! (PAUSE)
You closely miss Sigmund. Sigmund hits you with a +0 scythe.
You die...
Sigmund begins carving another notch in his scythe.

Action                     || total
---------------------------++-------
  Melee: Unarmed           ||    43
         Constrict         ||    10
         Tentacles         ||     4
         Punch             ||     1
    Use: Potion            ||     1
   Stab: Sleeping          ||     7
 Armour: Skin              ||    19
  Dodge: Dodged            ||    19

Levels and vault maps discovered:
D:1:      dpeg_arrival_shrine, layout_basic, hellmonk_ecumenical_altar_run_dry,
          serial_glass, glass_columns_b, glass_columns_c, nicolae_titane
D:2:      layout_basic, uniq_sigmund, uniq_natasha

Notes
Turn   | Place    | Note
-------+----------+-------------------------------------------
     0 | D:1      | ytrimaz the Octopode Shapeshifter began the quest for the
                  | Orb.
     0 | D:1      | Reached XP level 1. HP: 13/13 MP: 1/1
     0 | D:1      | magus.rc [v1.9.6]
   187 | D:1      | Reached XP level 2. HP: 18/18 MP: 2/2
   410 | D:1      | Found a faded altar of an unknown god.
   694 | D:2      | Noticed Sigmund
   706 | D:2      | HP: 6/27 [Sigmund/puff of flame (10)]
   707 | D:2      | Slain by Sigmund

Vanquished Creatures
  A ball python (D:1)
  3 endoplasms
  2 goblins (D:1)
  A hobgoblin (D:1)
  3 quokkas (D:1)
  2 bats
  A kobold (D:1)
  7 rats
20 creatures vanquished.

Table legend:
 A = Non-vault XP
 B = Vault XP
 C = Vault XP percentage of total XP
 D = Non-vault monster count
 E = Vault monster count
 F = Vault count percentage of total count
                 A         B        C        D         E       F
            +---------+---------+-------+---------+---------+-------
      Total |      31 |       0 |   0.0 |      20 |       0 |   0.0
            +---------+---------+-------+---------+---------+-------
        D:1 |      26 |       0 |   0.0 |      17 |       0 |   0.0
        D:2 |       5 |       0 |   0.0 |       3 |       0 |   0.0
            +---------+---------+-------+---------+---------+-------

Action                     || total
---------------------------++-------
  Melee: Unarmed           ||    43
         Constrict         ||    10
         Tentacles         ||     4
         Punch             ||     1
    Use: Potion            ||     1
   Stab: Sleeping          ||     7
 Armour: Skin              ||    19
  Dodge: Dodged            ||    19

Illustrated notes

Table legend:
 A = Kills in this place as a percentage of kills in the entire game.
 B = Kills by you in this place as a percentage of kills by you in the entire game.
 C = Kills by friends in this place as a percentage of kills by friends in the entire game.
 D = Other kills in this place as a percentage of other kills in the entire game.
 E = Experience gained in this place as a percentage of experience gained in the entire game.
 F = Experience gained in this place divided by the number of levels of this place that you have seen.
                   A       B       C       D       E      F
               +-------+-------+-------+-------+-------+----------------------
         Total | 100.0 | 100.0 |   N/A |   N/A | 100.0 |  15.5
       Dungeon | 100.0 | 100.0 |   N/A |   N/A | 100.0 |  15.5
               +-------+-------+-------+-------+-------+----------------------

Table legend: (Time is in decaauts)
 A = Elapsed time spent in this place.
 B = Non-inter-level travel time spent in this place.
 C = Inter-level travel time spent in this place.
 D = Time resting spent in this place.
 E = Time spent auto-exploring this place.
 F = Levels seen in this place.
 G = Mean time per level.
                   A        B        C        D        E       F      G
               +--------+--------+--------+--------+--------+-----+--------+
         Total |    703 |    694 |      9 |      0 |    530 |   2 |  351.5 |
       Dungeon |    703 |    694 |      9 |      0 |    530 |   2 |  351.5 |
               +--------+--------+--------+--------+--------+-----+--------+

Top non-repeatable levels by time:
     D:1: 644 daAuts
     D:2: 58 daAuts
